 Dungeon Sprint DCSS version 0.21-a0-265-gb353147 (webtiles) character file.

160749 Kidiri the Sorcerer (level 16, -7/90 (92) HPs)
             Began as a Deep Elf Fire Elementalist on Sept 12, 2017.
             Was the Champion of Vehumet.
             Killed by a guardian mummy's death curse (31 damage)
             ... in the Dungeon (Sprint III: "The Ten Rune Challenge").
             The game lasted 01:24:17 (13012 turns).

Kidiri the Sorcerer (Deep Elf Fire Elementalist)   Turns: 13012, Time: 01:24:17

HP:   -7/90 (92)    AC: 25    Str:  8    XL:     16   Next: 19%
MP:   54/57         EV: 14    Int: 39    God:    Vehumet [******]
Gold: 2435          SH: 31    Dex: 18    Spells: 6/67 levels left

rFire    + + .     SeeInvis .   j - +6 short sword of the Hawk {speed, +Blink rF+ Dex+2}
rCold    + . .     Gourm    .   f - +18 shield of the Gong {rElec rN+ MR+ EV-5}
rNeg     + . .     Faith    .   p - +5 ring mail "Copruv" {Int+7 Stlth-}
rPois    .         Spirit   .   r - +2 hat
rElec    +         Reflect  +   w - scarf {rC+ rF+}
rCorr    .         Harm     .   a - +2 pair of gloves {Dex+3}
MR       +....     NoTele   +   h - +0 pair of boots of Nihilism {rElec}
Stlth    +.........             m - +2 amulet of reflection
HPRegen  0.25/turn              c - ring of Tel Jook {rElec rC+ MR- MP+9 Str+5 Dex-2}
MPRegen  0.35/turn              C - ring of Wotestru {rElec rC- AC+3 Int+4}

@: no status effects
A: iridescent scales 1, frail 1, weak 1, wild magic 1
}: 3/10 runes: serpentine, barnacled, silver
a: Renounce Religion, Evoke Blink


You were in the Dungeon.
You worshipped Vehumet.
Vehumet was exalted by your worship.
You were not hungry.

You visited 1 branch You collected 5869 gold pieces.
You spent 3434 gold pieces at shops.

Inventory:

Hand Weapons
 j - the +6 short sword of the Hawk (weapon) {speed, +Blink rF+ Dex+2}
   (You took it off a vault guard in the Dungeon)

   Attacks with this weapon are significantly faster.
   It affects your dexterity (+2).
   It protects you from fire.
   It lets you blink.
Armour
 a - a +2 pair of gloves of dexterity (worn)
 f - the +18 shield of the Gong (worn) {rElec rN+ MR+ EV-5}
   (You acquired it in the Dungeon)

   It affects your evasion (-5).
   It insulates you from electricity.
   It protects you from negative energy.
   It affects your resistance to hostile enchantments.
 h - the +0 pair of boots of Nihilism (worn) {rElec}
   (You acquired it in the Dungeon)

   It insulates you from electricity.
 p - the +5 ring mail "Copruv" (worn) {Int+7 Stlth-}
   (You acquired it in the Dungeon)

   It affects your intelligence (+7).
   It makes you less stealthy.
 r - a +2 hat (worn)
 w - a scarf of resistance (worn)
Jewellery
 c - the ring of Tel Jook (left hand) {rElec rC+ MR- MP+9 Str+5 Dex-2}
   (You took it off a deep elf high priest in the Dungeon)

   [ring of magical power]

   It affects your strength (+5).
   It affects your dexterity (-2).
   It protects you from cold.
   It insulates you from electricity.
   It affects your resistance to hostile enchantments.
   It affects your magic capacity (+9).
 m - a +2 amulet of reflection (around neck)
 C - the ring of Wotestru (right hand) {rElec rC- AC+3 Int+4}
   (You found it in the Dungeon)

   [ring of protection]

   It affects your AC (+3).
   It affects your intelligence (+4).
   It makes you vulnerable to cold.
   It insulates you from electricity.
 K - an uncursed ring of flight
Wands
 e - a wand of acid (11/15)
 q - a wand of confusion (32/48)
 v - a wand of acid (9/15)
 y - a wand of confusion (28/48)
 E - a wand of confusion (14/48)
 T - a wand of iceblast (4/15)
 W - a wand of random effects (22/48)
Scrolls
 b - a scroll of immolation
 d - 2 scrolls of amnesia
 g - a scroll of fear
 i - 2 scrolls of blinking
 n - 2 scrolls of silence
 o - 3 scrolls of recharging
 s - 2 scrolls of torment
 A - a scroll of enchant armour
 F - a scroll of remove curse
Potions
 x - a potion of mutation
 z - 4 potions of flight
 B - a potion of heal wounds
 D - a potion of agility
 G - a potion of invisibility {unknown}
 M - a potion of haste
 N - 3 potions of might
Books
 k - a book of Clouds

   Spells                             Type                      Level
   a - Poisonous Vapours              Poison/Air                   2
   b - Mephitic Cloud                 Conjuration/Poison/Air       3
   c - Conjure Flame                  Conjuration/Fire             3
   d - Freezing Cloud                 Conjuration/Ice/Air          6
   e - Ring of Flames                 Charms/Fire                  7
 V - a book of Power

   Spells                             Type                      Level
   a - Iskenderun's Battlesphere      Conjuration/Charms           5
   b - Venom Bolt                     Conjuration/Poison           5
   c - Bolt of Magma                  Conjuration/Fire/Earth       5
   d - Iron Shot                      Conjuration/Earth            6
   e - Orb of Destruction             Conjuration                  7
   f - Spellforged Servitor           Conjuration/Summoning        7
Miscellaneous
 L - a lamp of fire
Comestibles
 l - 5 chunks of flesh
 O - 3 bread rations
 P - a meat ration
 Q - 21 royal jellies


   Skills:
 + Level 12.9 Fighting
 + Level 14.8 Short Blades
 + Level 12.9 Armour
 - Level 15.5 Dodging
 - Level 2.4 Stealth
 + Level 9.4 Shields
 * Level 26.1 Spellcasting
 + Level 17.1 Conjurations
 + Level 8.2 Charms
 + Level 17.3 Fire Magic
 + Level 15.0 Ice Magic
 + Level 8.3 Air Magic
 + Level 14.7 Earth Magic
 + Level 13.1 Poison Magic
 + Level 6.4 Evocations


You had 6 spell levels left.
You knew the following spells:

 Your Spells              Type           Power        Failure   Level  Hunger
a - Flame Tongue          Conj/Fire      #####        1%          1    None
b - Throw Flame           Conj/Fire      ######       1%          2    None
c - Conjure Flame         Conj/Fire      ########     1%          3    None
d - Inner Flame           Hex/Fire       ########     1%          3    None
e - Sticky Flame          Conj/Fire      ########     1%          4    None
f - Fireball              Conj/Fire      ########..   1%          5    None
g - Bolt of Magma         Conj/Fire/Erth ########..   1%          5    None
h - Bolt of Fire          Conj/Fire      ########..   1%          6    None
i - Ring of Flames        Chrm/Fire      ########..   12%         7    None
j - Throw Icicle          Conj/Ice       ########     1%          4    None
k - Lehudib's Crystal Sp  Conj/Erth      ########..   6%          8    None
l - Mephitic Cloud        Conj/Pois/Air  ########     1%          3    None
m - Olgreb's Toxic Radia  Pois           ########     1%          4    None
n - Poison Arrow          Conj/Pois      ########..   1%          6    None


Dungeon Overview and Level Annotations

Branches:
Dungeon (1/1)

Altars:
Cheibriados
Dithmenos
Elyvilon
Fedhas
Gozag
Hepliaklqana
Kikubaaqudgha
Makhleb
Nemelex Xobeh
Okawaru
Qazlal
Ru
Sif Muna
Trog
Uskayaw
Vehumet
Wu Jian
Xom
Yredelemnul
Zin
The Shining One
Beogh
Jiyva
Lugonu

Shops:
D :[%[?}:[%%:}[=(:%!?

Annotations:
D exclusion: 3 doors


Innate Abilities, Weirdness & Mutations

You are partially covered in iridescent scales. (AC +2)
You are frail. (-10% HP)
You are weak. (Str -2)
Your spells are a little harder to cast, but a little more powerful.


Message History

You destroy the guardian mummy!
Vehumet accepts your kill.
You feel your power returning.
You feel extremely nervous for a moment...
You hear strange and distant voices.
The bolt of fire hits the guardian mummy.
You destroy the guardian mummy!
Vehumet accepts your kill.
You feel your power returning.
You feel extremely nervous for a moment...
Pain shoots through your body!
* * * LOW HITPOINT WARNING * * *
Your life force feels restored.
The bolt of fire hits the guardian mummy.
You destroy the guardian mummy!
Vehumet accepts your kill.
You feel your power returning.
You feel extremely nervous for a moment...
You convulse helplessly as pain tears through your body!
You die...

..
▓^.#...^.^..^...^.#
##
▓(.#...^...^....^.#
▓..#.(##########.^#
▓..#..#...M. #..#
▓.^#..#...M #..#
▓..#..#.M. #..#
▓..#..#.M #^.#
▓.^#.^#'########..#
▓.^#..#@^.....^...#
▓.^'..#....^......#
▓##################


You could see 2 mummy priests and 2 guardian mummies.

Vanquished Creatures
  Mara (D)
  Frederick (D)
  A golden dragon (D)
  A lich (D)
  Rupert (D)
  A deep elf master archer (D)
  3 quicksilver dragons (D)
  A titan (D)
  A sphinx (D)
  Gastronok (D)
  A kraken (D)
  Chuck (D)
  3 shadow dragons (D)
  Dowan (D)
  A nagaraja (D)
  2 fire giants (D)
  2 dire elephants (D)
  Azrael (D)
  A deep elf demonologist (D)
  A deep elf annihilator (D)
  4 mummy priests (D)
  2 deep elf high priests (D)
  3 yaktaur captains (D)
  A fire dragon (D)
  A naga warrior (D)
  16 vault guards (D)
  A hydra (D)
  4 anacondas (D)
  3 centaur warriors (D)
  2 alligator snapping turtles (D)
  Erica (D)
  4 dancing weapons (D)
  An ogre mage (D)
  4 death yaks (D)
  Urug (D)
  A shock serpent (shapeshifter) (D)
  3 deep elf knights (D)
  7 skeletal warriors (D)
  A shadow wraith (D)
  An unseen horror (D)
  A death drake (D)
  A spriggan druid (D)
  An obsidian statue (D)
  A lindwurm (D)
  An orange crystal statue (D)
  An orc knight (D)
  A shining eye (shapeshifter) (D)
  4 crystal guardians (D)
  An orc sorcerer (D)
  5 deep elf magi (D)
  A mana viper (shapeshifter) (D)
  3 ugly things (D)
  2 fauns (shapeshifter) (D)
  2 elephants (D)
  A manticore (shapeshifter) (D)
  A guardian serpent (D)
  5 black mambas (D)
  4 statues (D)
  A torpor snail (shapeshifter) (D)
  2 spiny frogs (D)
  A molten gargoyle (D)
  Duvessa (D)
  A rime drake (D)
  A komodo dragon (D)
  3 wandering mushrooms (D)
  A merfolk (shapeshifter) (D)
  4 spriggan defenders (D)
  8 guardian mummies (D)
  A queen bee (D)
  2 tyrant leeches (D)
  8 blink frogs (D)
  A hornet (D)
  3 orc high priests (D)
  4 slime creatures (D)
  4 snapping turtles (D)
  3 redbacks (D)
  2 spriggans (D)
  A shadow (D)
  A spatial vortex (D)
  A hydra simulacrum (D)
  2 nagas (D)
  5 water moccasins (D)
  A swamp drake (D)
  A fire dragon simulacrum (D)
  2 orc warriors (D)
  A black mamba simulacrum (D)
  A necrophage (D)
  2 centaurs (D)
  A water elemental (D)
  A scorpion (D)
  32 killer bees (D)
  An electric eel (D)
  A jelly (D)
  3 orc priests (D)
  3 orc wizards (D)
  Jessica (D)
  A wizard (D)
  A necromancer (D)
  A polar bear simulacrum (D)
  3 humans (D)
  A kobold demonologist (D)
  6 adders (D)
  An ooze (D)
  8 orcs (D)
  A hobgoblin (D)
  2 rats (D)
  3 bushes (D)
  A butterfly (D)
  14 plants (D)
  A tentacle (D)
279 creatures vanquished.

Vanquished Creatures (others)
  A deep elf blademaster (D)
  A sphinx (D)
  2 draconian scorchers (D)
  Nessos (D)
  A yaktaur captain (D)
  A hydra (D)
  6 hellions (D)
  4 yaktaurs (D)
  A hornet (D)
  6 ball lightnings (D)
  2 ballistomycetes (D)
  2 ballistomycete spores (D)
  28 plants (D)
  3 tentacles (D)
59 creatures vanquished.

Grand Total: 338 creatures vanquished

Notes
Turn   | Place    | Note
-------+----------+-------------------------------------------
     0 | D        | Kidiri the Deep Elf Fire Elementalist began the quest for the Orb.
     0 | D        | Reached XP level 1. HP: 10/10 MP: 6/6
     9 | D        | Reached skill level 4 in Spellcasting
    87 | D        | Noticed Jessica
    91 | D        | Killed Jessica
    91 | D        | Reached skill level 6 in Spellcasting
    91 | D        | Reached XP level 2. HP: 15/15 MP: 4/11
    91 | D        | Reached XP level 3. HP: 19/19 MP: 4/12
    95 | D        | Learned a level 2 spell: Throw Flame
    99 | D        | Learned a level 3 spell: Conjure Flame
   103 | D        | Learned a level 3 spell: Inner Flame
   159 | D        | Killed a hellion
   160 | D        | Noticed a scorpion
   161 | D        | Killed a hellion
   161 | D        | Killed a hellion
   164 | D        | Killed a white draconian scorcher
   170 | D        | Killed a scorpion
   170 | D        | Reached skill level 8 in Spellcasting
   170 | D        | Reached skill level 5 in Fire Magic
   170 | D        | Reached XP level 4. HP: 22/24 MP: 9/16
   176 | D        | Learned a level 4 spell: Sticky Flame
   204 | D        | Killed a hellion
   210 | D        | Killed a hellion
   263 | D        | Killed a white draconian scorcher
   277 | D        | Killed a hellion
   278 | D        | Killed a yaktaur
   326 | D        | Gained mutation: You are partially covered in yellow scales. (AC +2) [potion of mutation]
   326 | D        | Gained mutation: Your mind is acute. (Int +2) [potion of mutation]
   327 | D        | Lost mutation: Your mind is acute. (Int +2) [potion of mutation]
   327 | D        | Lost mutation: You are partially covered in yellow scales. (AC +2) [potion of mutation]
   327 | D        | Gained mutation: You occasionally shout uncontrollably at your foes. [potion of mutation]
   327 | D        | Gained mutation: You are agile. (Dex +2) [potion of mutation]
   327 | D        | Gained mutation: You are covered in fur. (AC +1) [potion of mutation]
   328 | D        | Lost mutation: You occasionally shout uncontrollably at your foes. [potion of mutation]
   328 | D        | Lost mutation: You are agile. (Dex +2) [potion of mutation]
   328 | D        | Lost mutation: You are covered in fur. (AC +1) [potion of mutation]
   328 | D        | Gained mutation: Scrolls take you a little longer to read. [potion of mutation]
   328 | D        | Gained mutation: You are somewhat resistant to further mutation. [potion of mutation]
   329 | D        | Lost mutation: Scrolls take you a little longer to read. [potion of mutation]
   329 | D        | Lost mutation: You are somewhat resistant to further mutation. [potion of mutation]
   329 | D        | Gained mutation: Your spells are a little easier to cast, but a little less powerful. [potion of mutation]
   329 | D        | Gained mutation: You are partially covered in yellow scales. (AC +2) [potion of mutation]
   329 | D        | Lost mutation: You are partially covered in yellow scales. (AC +2) [potion of mutation]
   329 | D        | Gained mutation: Your muscles are strong. (Str +2) [potion of mutation]
   330 | D        | Lost mutation: Your muscles are strong. (Str +2) [potion of mutation]
   330 | D        | Lost mutation: Your spells are a little easier to cast, but a little less powerful. [potion of mutation]
   330 | D        | Gained mutation: You have very sharp teeth. [potion of mutation]
   330 | D        | Gained mutation: Your movements are slightly less encumbered by armour. (ER -2) [potion of mutation]
   331 | D        | Lost mutation: Your movements are slightly less encumbered by armour. (ER -2) [potion of mutation]
   331 | D        | Lost mutation: You have very sharp teeth. [potion of mutation]
   331 | D        | Gained mutation: You are frail. (-10% HP) [potion of mutation]
   331 | D        | Gained mutation: You are weak. (Str -2) [potion of mutation]
   331 | D        | Gained mutation: Your spells are a little harder to cast, but a little more powerful. [potion of mutation]
   331 | D        | Gained mutation: You are partially covered in iridescent scales. (AC +2) [potion of mutation]
   483 | D        | Noticed a water elemental
   486 | D        | Killed a water elemental
   486 | D        | Reached skill level 9 in Spellcasting
   486 | D        | Reached skill level 5 in Conjurations
   486 | D        | Reached XP level 5. HP: 24/25 MP: 14/19
   496 | D        | Learned a level 5 spell: Fireball
   515 | D        | Found a radiant altar of Vehumet.
   516 | D        | Found a deep blue altar of Sif Muna.
   516 | D        | Found an ancient bone altar of Kikubaaqudgha.
   517 | D        | Reached skill level 10 in Spellcasting
   537 | D        | Became a worshipper of Vehumet
   583 | D        | Found a glowing silver altar of Zin.
   584 | D        | Found a glowing golden altar of the Shining One.
   584 | D        | Found a white marble altar of Elyvilon.
   584 | D        | Noticed a deep elf mage
   593 | D        | Killed a deep elf mage
   593 | D        | Reached skill level 5 in Dodging
   593 | D        | Reached skill level 12 in Spellcasting
   593 | D        | Reached XP level 6. HP: 31/32 MP: 18/23
   593 | D        | Reached XP level 7. HP: 35/36 MP: 18/24
   617 | D        | Killed a yaktaur
   624 | D        | Found an ornate altar of the Wu Jian Council.
   624 | D        | Found a roughly hewn altar of Beogh.
   624 | D        | Found an iron altar of Okawaru.
   624 | D        | Found a bloodstained altar of Trog.
   624 | D        | Found a hide-covered altar of Uskayaw.
   624 | D        | Noticed a human
   627 | D        | Killed a human
   627 | D        | Killed a human
   627 | D        | Reached * piety under Vehumet
   627 | D        | Offered knowledge of Sting by Vehumet.
   627 | D        | Reached skill level 13 in Spellcasting
   701 | D        | Found a basalt altar of Yredelemnul.
   701 | D        | Found a shadowy altar of Dithmenos.
   701 | D        | Found a sacrificial altar of Ru.
   801 | D        | Noticed a shadow
   804 | D        | Killed a shadow
   804 | D        | Reached ** piety under Vehumet
   804 | D        | Offered knowledge of Freeze by Vehumet.
   804 | D        | Reached XP level 8. HP: 43/43 MP: 17/27
   858 | D        | Found a blossoming altar of Fedhas.
   858 | D        | Found a stormy altar of Qazlal.
   858 | D        | Found a snail-covered altar of Cheibriados.
   858 | D        | Found a burning altar of Makhleb.
   858 | D        | Found a shimmering altar of Xom.
   859 | D        | Found a hazy altar of Hepliaklqana.
   859 | D        | Found an opulent altar of Gozag.
   859 | D        | Found a sparkling altar of Nemelex Xobeh.
   859 | D        | Found a corrupted altar of Lugonu.
   859 | D        | Found a viscous altar of Jiyva.
   955 | D        | Noticed Erica
   973 | D        | Killed Erica
   973 | D        | Offered knowledge of Throw Frost by Vehumet.
   973 | D        | Reached skill level 5 in Short Blades
   973 | D        | Reached skill level 14 in Spellcasting
   991 | D        | Learned a level 2 spell: Throw Frost
  1293 | D        | Noticed a centaur warrior
  1297 | D        | Reached *** piety under Vehumet
  1297 | D        | Reached XP level 9. HP: 45/47 MP: 17/29
  1297 | D        | Reached skill level 1 in Ice Magic
  1300 | D        | Killed a centaur warrior
  1300 | D        | Offered knowledge of Throw Icicle by Vehumet.
  1300 | D        | Reached skill level 5 in Fighting
  1300 | D        | Reached skill level 5 in Armour
  1300 | D        | Reached skill level 15 in Spellcasting
  1300 | D        | Reached skill level 10 in Fire Magic
  1306 | D        | Learned a level 4 spell: Throw Icicle
  1397 | D        | Noticed an unseen horror
  1401 | D        | Killed an unseen horror
  1692 | D        | Reached **** piety under Vehumet
  1692 | D        | Offered knowledge of Bolt of Magma by Vehumet.
  1697 | D        | Reached ***** piety under Vehumet
  1697 | D        | Reached skill level 10 in Conjurations
  1702 | D        | Reached skill level 16 in Spellcasting
  1707 | D        | Noticed a queen bee
  1717 | D        | Reached ****** piety under Vehumet
  1717 | D        | Reached XP level 10. HP: 27/54 MP: 25/32
  1748 | D        | Learned a level 5 spell: Bolt of Magma
  1749 | D        | Offered knowledge of Iskenderun's Battlesphere by Vehumet.
  1753 | D        | Reached skill level 1 in Earth Magic
  2054 | D        | Offered knowledge of Bolt of Fire by Vehumet.
  2062 | D        | Learned a level 6 spell: Bolt of Fire
  2285 | D        | Reached skill level 5 in Ice Magic
  2348 | D        | Offered knowledge of Spellforged Servitor by Vehumet.
  2512 | D        | Noticed a spiny frog
  2512 | D        | Noticed a spiny frog
  2514 | D        | Killed a spiny frog
  2514 | D        | Killed a spiny frog
  2514 | D        | Reached skill level 17 in Spellcasting
  2515 | D        | Reached skill level 10 in Dodging
  2831 | D        | Noticed a lindwurm
  2834 | D        | Killed a lindwurm
  2840 | D        | Reached XP level 11. HP: 56/60 MP: 8/34
  2952 | D        | Offered knowledge of Irradiate by Vehumet.
  2952 | D        | Reached skill level 5 in Earth Magic
  2953 | D        | Noticed Urug
  2955 | D        | Killed Urug
  3049 | D        | Reached skill level 18 in Spellcasting
  3067 | D        | Noticed Rupert
  3072 | D        | Killed Rupert
  3171 | D        | Noticed a death yak
  3172 | D        | Noticed a death yak
  3175 | D        | Noticed a death yak
  3175 | D        | Killed a death yak
  3175 | D        | Killed a death yak
  3175 | D        | Offered knowledge of Poison Arrow by Vehumet.
  3178 | D        | Noticed a death yak
  3179 | D        | Killed a death yak
  3179 | D        | Killed a death yak
  3179 | D        | Reached skill level 19 in Spellcasting
  3191 | D        | Noticed an azure jelly
  3191 | D        | Noticed an azure jelly
  3197 | D        | Reached XP level 12. HP: 67/67 MP: 3/37
  3205 | D        | Learned a level 6 spell: Poison Arrow
  3335 | D        | Noticed an anaconda
  3335 | D        | Noticed an anaconda
  3337 | D        | Killed an anaconda
  3338 | D        | Noticed an anaconda
  3338 | D        | Offered knowledge of Iron Shot by Vehumet.
  3339 | D        | Killed an anaconda
  3339 | D        | Reached skill level 1 in Poison Magic
  3340 | D        | Noticed an anaconda
  3341 | D        | Killed an anaconda
  3344 | D        | Killed an anaconda
  3344 | D        | Reached skill level 10 in Short Blades
  3534 | D        | Learned a level 6 spell: Iron Shot
  3543 | D        | Offered knowledge of Ozocubu's Refrigeration by Vehumet.
  3756 | D        | Noticed a naga warrior
  3756 | D        | Noticed a nagaraja
  3762 | D        | Killed a nagaraja
  3762 | D        | Offered knowledge of Lehudib's Crystal Spear by Vehumet.
  3762 | D        | Offered knowledge of Glaciate by Vehumet.
  3762 | D        | Offered knowledge of Shatter by Vehumet.
  3762 | D        | Killed a naga warrior
  3762 | D        | Reached skill level 20 in Spellcasting
  3763 | D        | Found Ablom Eto's Book Boutique.
  3763 | D        | Found Wenn's Antique Armour Emporium.
  3765 | D        | Found Zoiseif's Food Shop.
  3860 | D        | Got a serpentine rune of Zot
  4041 | D        | Found Jidis's Gadget Shop.
  4334 | D        | Bought a pair of gloves for 103 gold pieces
  4447 | D        | Noticed a five-headed hydra
  4447 | D        | Noticed a five-headed hydra
  4450 | D        | Killed a five-headed hydra
  4453 | D        | Killed a five-headed hydra
  4478 | D        | Found a blossoming altar of Fedhas.
  4572 | D        | Reached skill level 10 in Ice Magic
  4751 | D        | Noticed a kraken
  4755 | D        | Killed a kraken
  4755 | D        | Reached skill level 5 in Poison Magic
  4755 | D        | Reached XP level 13. HP: 72/72 MP: 9/39
  5429 | D        | Reached skill level 21 in Spellcasting
  5439 | D        | Found Hengor's Antique Armour Emporium.
  5439 | D        | Found Juvich's Magic Scroll Shop.
  5439 | D        | Found Ligyrhaisk's Book Boutique.
  5447 | D        | Bought an embroidered scarf for 184 gold pieces
  5447 | D        | Bought a buckler for 103 gold pieces
  5468 | D        | Bought a scroll of identify for 28 gold pieces
  5468 | D        | Bought a scroll of identify for 28 gold pieces
  5468 | D        | Bought a scroll of enchant armour for 105 gold pieces
  5468 | D        | Bought a scroll of identify for 28 gold pieces
  5468 | D        | Bought a scroll of identify for 28 gold pieces
  5468 | D        | Bought a scroll of recharging for 133 gold pieces
  5468 | D        | Bought a scroll of enchant weapon for 105 gold pieces
  5477 | D        | Bought a scroll of enchant armour for 105 gold pieces
  5477 | D        | Bought a scroll of enchant weapon for 105 gold pieces
  5487 | D        | Got a barnacled rune of Zot
  5717 | D        | Reached skill level 1 in Shields
  5872 | D        | Reached skill level 10 in Earth Magic
  5873 | D        | Noticed a deep elf annihilator
  5875 | D        | Killed a deep elf annihilator
  5949 | D        | Noticed a deep elf master archer
  6225 | D        | Noticed a deep elf demonologist
  6226 | D        | Noticed a Brimstone Fiend
  6522 | D        | Killed a deep elf demonologist
  6738 | D        | Killed a deep elf master archer
  6738 | D        | Reached skill level 10 in Fighting
  7089 | D        | Reached skill level 10 in Armour
  7231 | D        | Got a flickering wooden ring
  7235 | D        | Got a polished great mace {freeze}
  7240 | D        | Got an iridescent great sword {speed}
  7262 | D        | Got a twitching pewter ring
  7264 | D        | Identified Sif Muna's Grimoire of Bewitching Feathers
  7269 | D        | Identified the Almanac of the Rocks and Curses
  7278 | D        | Identified the ring of Tel Jook {rElec rC+ MR- MP+9 Str+5 Dex-2} (You took it off a deep elf high priest in the Dungeon)
  7279 | D        | Identified the ring of Wotestru {rElec rC- AC+3 Int+4} (You found it in the Dungeon)
  7304 | D        | Identified the cursed +3 great mace of Leeno {freeze, rPois Int+4} (You took it off a deep elf demonologist in the Dungeon)
  7366 | D        | Identified the cursed +3 great sword "Marphiy" {speed, +Inv Str+2} (You took it off a deep elf high priest in the Dungeon)
  7522 | D        | Learned a level 8 spell: Lehudib's Crystal Spear
  7526 | D        | Learned a level 3 spell: Mephitic Cloud
  7531 | D        | Learned a level 4 spell: Olgreb's Toxic Radiance
  7531 | D        | Noticed Dowan
  7531 | D        | Noticed Duvessa
  7536 | D        | Killed Dowan
  7538 | D        | Killed Duvessa
  7745 | D        | Found Hutaqiss's Armour Emporium.
  7745 | D        | Found Zingo's Antique Weapon Shop.
  7745 | D        | Found Itor's Magic Scroll Shoppe.
  7745 | D        | Found Seg Sidd's Gadget Boutique.
  7745 | D        | Found Reik's Jewellery Emporium.
  7745 | D        | Found Ydul's Distillery.
  7745 | D        | Found Entopry's Food Emporium.
  7745 | D        | Found Aqax Roq's Book Boutique.
  7746 | D        | Found Gobek's Book Boutique.
  7746 | D        | Found Feurrit's Food Shoppe.
  7746 | D        | Found Tanug's Food Shop.
  7746 | D        | Found Voifior's Antique Armour Emporium.
  7770 | D        | Bought a scroll of immolation for 49 gold pieces
  7770 | D        | Bought a scroll of acquirement for 728 gold pieces
  7770 | D        | Bought a scroll of blinking for 105 gold pieces
  7770 | D        | Bought a scroll of fear for 49 gold pieces
  7770 | D        | Bought a scroll of acquirement for 728 gold pieces
  7773 | D        | Bought a book of Clouds for 630 gold pieces
  7816 | D        | Reached skill level 22 in Spellcasting
  8041 | D        | Noticed a fire dragon
  8043 | D        | Killed a fire dragon
  8086 | D        | Found the +18 shield of the Gong {rElec rN+ MR+ EV-5}
  8140 | D        | Reached XP level 14. HP: 79/79 MP: 12/42
  8395 | D        | Noticed Chuck
  8603 | D        | Killed Chuck
  8686 | D        | Bought a +2 amulet of reflection for 90 gold pieces
  8759 | D        | Noticed Frederick
  8772 | D        | Killed Frederick
  8772 | D        | Reached skill level 5 in Shields
  9085 | D        | Noticed a lich
  9088 | D        | Killed a lich
  9088 | D        | Reached skill level 15 in Dodging
  9088 | D        | Reached skill level 23 in Spellcasting
  9088 | D        | Reached skill level 15 in Fire Magic
  9132 | D        | Noticed a shadow dragon
  9132 | D        | Noticed a shadow dragon
  9138 | D        | Killed a shadow dragon
  9146 | D        | Killed a shadow dragon
  9146 | D        | Reached skill level 15 in Conjurations
  9356 | D        | Reached skill level 10 in Poison Magic
  9487 | D        | Noticed a fire giant
  9489 | D        | Killed a fire giant
  9489 | D        | Reached skill level 1 in Air Magic
  9515 | D        | Noticed a quicksilver dragon
  9516 | D        | Killed a quicksilver dragon
  9540 | D        | Noticed a titan
  9542 | D        | Killed a titan
  9680 | D        | Noticed a quicksilver dragon
  9685 | D        | Killed a quicksilver dragon
  9812 | D        | Noticed a golden dragon
  9817 | D        | Reached skill level 24 in Spellcasting
  9817 | D        | Reached XP level 15. HP: 78/85 MP: 32/45
 10016 | D        | Noticed a shadow dragon
 10021 | D        | Killed a shadow dragon
 10034 | D        | Got a jewelled arbalest
 10225 | D        | Noticed a fire giant
 10233 | D        | Killed a fire giant
 10253 | D        | Noticed a quicksilver dragon
 10255 | D        | Killed a quicksilver dragon
 10255 | D        | Reached skill level 5 in Air Magic
 10383 | D        | Killed a golden dragon
 10456 | D        | Got a smoking ring mail
 10467 | D        | Identified the +5 ring mail "Copruv" {Int+7 Stlth-} (You acquired it in the Dungeon)
 10655 | D        | Got a fine short sword {speed}
 10656 | D        | Identified the +6 short sword of the Hawk {speed, +Blink rF+ Dex+2} (You took it off a vault guard in the Dungeon)
 10697 | D        | Got a brightly glowing hand axe {vamp}
 10710 | D        | Got a silver rune of Zot
 10983 | D        | Got a pair of pitted boots
 10989 | D        | Identified the +0 pair of boots of Nihilism {rElec} (You acquired it in the Dungeon)
 11000 | D        | Learned a level 7 spell: Ring of Flames
 11144 | D        | Noticed an azure jelly
 11144 | D        | Noticed an azure jelly
 11145 | D        | Noticed Gastronok
 11149 | D        | Reached skill level 1 in Evocations
 11152 | D        | Reached skill level 1 in Charms
 11153 | D        | Reached skill level 25 in Spellcasting
 11153 | D        | Killed Gastronok
 11281 | D        | Noticed Azrael
 11288 | D        | Killed Azrael
 11844 | D        | Reached skill level 5 in Charms
 11853 | D        | Noticed Mara
 11922 | D        | Killed Mara
 12236 | D        | Reached skill level 5 in Evocations
 12652 | D        | Killed Nessos
 12653 | D        | Killed a deep elf blademaster
 12734 | D        | Reached XP level 16. HP: 92/92 MP: 39/47
 12753 | D        | Noticed an ancient lich
 12758 | D        | Found the +8 storm bow {elec}
 12768 | D        | Got a pitted war axe
 12844 | D        | Noticed a sphinx
 12844 | D        | Noticed a sphinx
 12846 | D        | Killed a sphinx
 12849 | D        | Killed a sphinx
 12944 | D        | Reached skill level 26 in Spellcasting
 12952 | D        | Reached skill level 15 in Ice Magic
 13012 | D        | Killed by a guardian mummy's death curse

Vault maps used:
D:        dungeon_sprint_mu

Skill      XL: |  1  2  3  4  5  6  7  8  9 10 11 12 13 14 15 16 |
---------------+-------------------------------------------------+-----
Spellcasting   | 6 8 9 12 13 14 16 17 19 20 22 24 25 26 | 26.1
Conjurations   | 3 4 5 7 8 9 10 11 12 13 14 15 16 17 | 17.1
Fire Magic     | 4 5 6 8 9 10 11 12 13 14 15 17 | 17.3
Fighting       | 2 3 4 5 7 8 9 10 11 12 | 12.9
Short Blades   | 3 4 5 7 8 9 10 12 13 14 | 14.8
Armour         | 2 3 4 5 6 8 9 10 11 12 | 12.9
Dodging        | 5 6 7 8 10 11 13 14 15 | 15.5
Ice Magic      | 4 6 8 10 11 13 14 15 | 15.0
Earth Magic    | 4 7 9 11 12 14 | 14.7
Poison Magic   | 5 8 10 12 13 | 13.1
Shields        | 4 6 9 |  9.4
Air Magic      | 3 7 8 |  8.3
Evocations     | 5 6 |  6.4
Charms         | 6 8 |  8.2
Stealth        | |  2.4

Action                   |  1- 3 |  4- 6 |  7- 9 | 10-12 | 13-15 | 16-18 || total
-------------------------+-------+-------+-------+-------+-------+-------++-------
Melee: Dagger            |       |     1 |       |   100 |       |       ||   101
       Great mace        |       |       |       |       |    15 |       ||    15
       Quick blade       |       |       |       |       |    25 |       ||    25
       Short sword       |       |       |       |       |    54 |     2 ||    56
 Cast: Flame Tongue      |    13 |     5 |    60 |    19 |     5 |     1 ||   103
       Sticky Flame      |       |     4 |     9 |    17 |    24 |     1 ||    55
       Conjure Flame     |       |     1 |     3 |     4 |     1 |       ||     9
       Fireball          |       |       |     8 |     4 |     8 |       ||    20
       Inner Flame       |       |       |     9 |     7 |     5 |       ||    21
       Bolt of Fire      |       |       |       |    70 |   114 |    11 ||   195
       Throw Icicle      |       |       |       |     6 |     8 |       ||    14
       Bolt of Magma     |       |       |       |     3 |     1 |       ||     4
       Throw Frost       |       |       |       |     1 |       |       ||     1
       Iron Shot         |       |       |       |     3 |    11 |       ||    14
       Throw Flame       |       |       |       |     1 |       |       ||     1
       Lehudib's Crystal |       |       |       |       |    45 |     3 ||    48
       Poison Arrow      |       |       |       |       |    10 |       ||    10
       Olgreb's Toxic Ra |       |       |       |       |     6 |       ||     6
       Mephitic Cloud    |       |       |       |       |     4 |       ||     4
       Ring of Flames    |       |       |       |       |       |     2 ||     2
 Abil: Evoke Flight      |       |       |       |       |     5 |       ||     5
       Stop Flying       |       |       |       |       |     1 |       ||     1
       Evoke Blink       |       |       |       |       |     1 |       ||     1
  Use: Potion            |       |     6 |     3 |     3 |     5 |       ||    17
       Scroll            |       |     3 |       |       |    24 |     2 ||    29
 Stab: Sleeping          |       |     1 |       |     2 |     1 |       ||     4
       Confused          |       |       |       |       |     1 |       ||     1
       Distracted        |       |       |       |       |     1 |       ||     1
  Eat: Chunk             |       |       |     3 |     1 |    16 |       ||    20
       Fruit             |       |       |       |     5 |    10 |       ||    15
       Royal jelly       |       |       |       |     5 |     3 |       ||     8
Armor: Robe              |       |       |     1 |     5 |     5 |       ||    11
       Ring mail         |       |       |       |       |    18 |       ||    18
Dodge: Dodged            |     3 |     3 |    18 |    73 |    46 |       ||   143
Block: Buckler           |       |       |       |       |     1 |       ||     1
       Shield            |       |       |       |       |   117 |     9 ||   126
       Reflection        |       |       |       |       |     9 |       ||     9

Table legend:
 A = Spawn XP
 B = Non-spawn XP
 C = Spawn XP percentage of total XP
 D = Spawn monster count
 E = Non-spawn monster count
 F = Spawn count percentage of total count
 G = Total turns spent on level
                    A         B        C        D         E        F      G
               +---------+---------+-------+---------+---------+-------+---------
         Total |       0 |  165356 |   0.0 |       0 |     264 |   0.0 | 13012
               +---------+---------+-------+---------+---------+-------+---------
             D |       0 |  165356 |   0.0 |       0 |     264 |   0.0 | 13012
               +---------+---------+-------+---------+---------+-------+---------
